 Dungeon Crawl Stone Soup version 0.17-a0-2109-g117576f (webtiles) character file.

303 Kidiri the Magician (level 6, -1/34 HPs)
             Began as a Deep Elf Fire Elementalist on Oct 19, 2015.
             Succumbed to poison (a potion of poison)
             ... on level 4 of the Dungeon.
             The game lasted 00:14:51 (3982 turns).

Kidiri the Magician (Deep Elf Fire Elementalist)    Turns: 3982, Time: 00:14:51

Health: -1/34      AC:  4    Str:  5    XL:     6   Next: 15%
Magic:  8/15       EV: 12    Int: 27    God:
Gold:   193        SH:  0    Dex: 15    Spells: 5 memorised, 1 level left

rFire  . . .     SeeInvis .     k - +1 spear (flame)
rCold  . . .     Clarity  .     o - +1 leather armour
rNeg   . . .     SustAt   .     (no shield)
rPois  .         Gourm    .     (no helmet)
rElec  .         Spirit   .     (no cloak)
rCorr  .         Warding  .     (no gloves)
rMut   .         Stasis   .     (no boots)
MR     .....                    (no amulet)
Stlth  ++........               (no ring)
                                (no ring)

@: brilliant, lethally poisoned (-1 -> -14), not resistant to hostile
enchantments, unstealthy
A: no striking features
a: no special abilities


You were on level 4 of the Dungeon.
You were hungry.

You visited 1 branch of the dungeon, and saw 4 of its levels.

You collected 193 gold pieces.

Inventory:

Hand Weapons
 k - a +1 spear of flaming (weapon)
Armour
 o - a +1 leather armour (worn)
Wands
 p - a wand of slowing (39)
Scrolls
 e - 3 scrolls of remove curse
Potions
 f - a potion of cure mutation
 j - a potion of resistance
 l - a potion of brilliance
 n - a potion of might {unknown}
 q - a potion of mutation {unknown}
Books
 b - a book of Flames

   Spells                             Type                      Level
   a - Flame Tongue                   Conjuration/Fire             1
   b - Throw Flame                    Conjuration/Fire             2
   c - Conjure Flame                  Conjuration/Fire             3
   d - Inner Flame                    Hexes/Fire                   3
   e - Sticky Flame                   Conjuration/Fire             4
   f - Fireball                       Conjuration/Fire             5
Comestibles
 c - 2 bread rations
 h - 2 meat rations


   Skills:
 + Level 1.2 Fighting
   Level 0.2 Maces & Flails
 + Level 0.9 Polearms
 + Level 1.4 Armour
 + Level 3.2 Dodging
 + Level 3.7 Stealth
 * Level 4.9 Spellcasting
 + Level 2.2 Conjurations
 + Level 1.5 Hexes
 + Level 3.7 Fire Magic


You had one spell level left.
You knew the following spells:

 Your Spells              Type           Power        Failure   Level  Hunger
a - Flame Tongue          Conj/Fire      #####        1%          1    None
b - Throw Flame           Conj/Fire      #####.       1%          2    None
c - Conjure Flame         Conj/Fire      #####...     1%          3    #......
d - Inner Flame           Hex/Fire       #####...     1%          3    #......
e - Sticky Flame          Conj/Fire      #####...     4%          4    ###....


Dungeon Overview and Level Annotations

Branches:
Dungeon (4/15)
 Temple: D:4-7

Altars:
Ashenzari
Yredelemnul

Shops:
D:4 }

Annotations:
D:4 exclusion: 3 doors, Eustachio


Message History

A scorpion comes into view.
You barely miss the gnoll.
The scorpion moves out of view.
The gnoll hits you.
* * * LOW HITPOINT WARNING * * *
Drink which item? (? for menu, Esc to quit)
It was a potion of brilliance.
You feel clever all of a sudden. The gnoll hits you!
* * * LOW HITPOINT WARNING * * *
Unknown command.
Read which item? (? for menu, Esc to quit)
Okay, then.
Read which item? (? for menu, Esc to quit)
As you read the scroll labeled USUMIAQ VISCH, it crumbles to dust.
The scroll dissolves into smoke.
It was a scroll of fog.
The gnoll hits you.
* * * LOW HITPOINT WARNING * * *
Drink which item? (? for menu, Esc to quit)
It was a potion of poison.
That liquid tasted very nasty...
You are lethally poisoned!
You die...

#.#
♣P...♣..PP♣P....
#.#
♣.♣..♣P♣......P.
#.#
.PP♣.♣♣♣P.♣..P...
♣Pr♣.♣♣.♣PPP.♣...#.
♣.♣P.♣rP♣.P♣)......
♣.♣
♣.♣♣.§♣()P...... .♣
♣♣♣P♣r♣...♣P..8.
♣P♣gP§♣.P♣ .P♣
♣♣♣@♣.♣..♣ .
♣P♣♣♣§§♣ §♣♣ ♣§♣♣
♣♣ ≈♣. § ♣


You could see a gnoll and a river rat.

Vanquished Creatures
  A crimson imp (D:3)
  An orc wizard (D:3)
  A worker ant (D:4)
  A centaur skeleton (D:3)
  A giant frog skeleton (D:4)
  Robin (D:2)
  4 adders
  2 gnolls
  A river rat (D:4)
  An ooze (D:4)
  3 worms
  2 giant geckos
  5 orcs
  A ball python (D:2)
  5 bats
  3 giant cockroaches
  4 hobgoblins
  5 jackals
  6 giant newts
  14 goblins
  10 kobolds
  3 rats
75 creatures vanquished.

Vanquished Creatures (others)
  A plant (D:4)
1 creature vanquished.

Grand Total: 76 creatures vanquished

Notes
Turn   | Place    | Note
--------------------------------------------------------------
     0 | D:1      | Kidiri the Deep Elf Fire Elementalist began the quest for the Orb.
     0 | D:1      | Reached XP level 1. HP: 10/10 MP: 6/6
   228 | D:1      | Reached XP level 2. HP: 15/15 MP: 5/8
   267 | D:1      | Learned a level 2 spell: Throw Flame
   706 | D:2      | Reached XP level 3. HP: 13/19 MP: 1/10
   711 | D:2      | Learned a level 3 spell: Conjure Flame
   715 | D:2      | Learned a level 3 spell: Inner Flame
   987 | D:2      | Found a shattered altar of Ashenzari.
  1303 | D:2      | Found a faded altar to an unknown god.
  1376 | D:2      | Found a basalt altar of Yredelemnul.
  1543 | D:2      | Reached skill level 4 in Spellcasting
  1549 | D:2      | Noticed Robin
  1848 | D:1      | Reached skill level 1 in Armour
  2163 | D:2      | Killed Robin
  2163 | D:2      | Reached skill level 1 in Hexes
  2163 | D:2      | Reached XP level 4. HP: 24/24 MP: 0/12
  2896 | D:3      | Reached XP level 5. HP: 28/28 MP: 1/13
  3144 | D:3      | Learned a level 4 spell: Sticky Flame
  3389 | D:3      | Reached skill level 1 in Fighting
  3644 | D:4      | Found Jahulaty's Gadget Emporium.
  3671 | D:4      | Noticed Eustachio
  3967 | D:4      | Reached XP level 6. HP: 22/34 MP: 12/15
  3975 | D:4      | HP: 1/34 [gnoll (8)]
  3981 | D:4      | HP: 1/34 [gnoll (1)]
  3982 | D:4      | Succumbed to poison (a potion of poison)

Vault maps used:
D:1:      lightli_arrival_boilingwater
D:2:      nicolae_ashenzari_panopticon, lemuel_crystal_altar,
          ecumenical_altar_2, minmay_misc_feat_tower, uniq_robin
D:3:      first_bread
D:4:      wad_woods_stonehenge, minmay_temple_entry_enclosed_plants,
          serial_shops, kennysheep_mini_moat, uniq_eustachio, uniq_sigmund

Action                   |  1- 3 |  4- 6 || total
-------------------------+-------+-------++-------
Melee: Mace              |     5 |       ||     5
       Unarmed           |     1 |       ||     1
       Spear             |       |    76 ||    76
 Cast: Flame Tongue      |    44 |    22 ||    66
       Throw Flame       |    29 |    22 ||    51
       Conjure Flame     |     1 |     1 ||     2
       Sticky Flame      |       |     1 ||     1
  Use: Scroll            |     1 |     8 ||     9
       Potion            |       |     2 ||     2
 Stab: Sleeping          |       |     4 ||     4
  Eat: Chunk             |     3 |     3 ||     6
       Bread ration      |     1 |       ||     1
